 Dungeon Crawl Stone Soup version 0.32-a0-616-g9348d4545b (webtiles) character file.

Game seed: 8424594055642002958

79 BubbleThief the Trooper (level 4, 30/38 HPs)
             Began as a Demonspawn Cinder Acolyte on Mar 5, 2024.
             Was a High Priest of Ignis.
             Quit the game on level 2 of the Dungeon.
             The game lasted 00:02:24 (1687 turns).

BubbleThief the Trooper (Demonspawn Cinder Acolyte) Turns: 1687, Time: 00:02:24

Health: 30/38      AC:  3    Str: 16    XL:     4   Next: 17%
Magic:  0/7        EV: 11    Int: 15    God:    Ignis [*****.]
Gold:   20         SH:  0    Dex:  8    Spells: 5/7 levels left

rFire   + . .        a - -1 spear (flame)
rCold   . . .        (no shield)
rNeg    . . .        b - +0 robe
rPois   .            (no helmet)
rElec   .            (no cloak)
rCorr   .            (no gloves)
SInv    .            (no boots)
Will    .....        (no amulet)
Stlth   +            (no ring)
HPRegen 0.26/turn    (no ring)
MPRegen 0.10/turn

%: no passive effects
@: no status effects
A: claws 1, rugged brown scales 1
a: Renounce Religion, Fiery Armour, Foxfire Swarm, Rising Flame


You were on level 2 of the Dungeon.
You worshipped Ignis.
Ignis was extremely pleased with you.
You visited 1 branch of the dungeon, and saw 2 of its levels.

You collected 20 gold pieces.

Inventory:

Hand Weapons
 a - a -1 spear of flaming (weapon)
Armour
 b - a +0 robe (worn)
Scrolls
 c - a scroll of brand weapon {unknown}
 e - a scroll of amnesia {unknown}
 f - a scroll of teleportation {unknown}
 g - a scroll of blinking {unknown}
 h - a scroll of noise {unknown}
 i - 2 scrolls of poison {unknown}
 j - a scroll of enchant weapon {unknown}
 l - a scroll of immolation {unknown}
 m - a scroll of silence {unknown}
Potions
 d - 2 potions of might {unknown}
 k - a potion of curing {unknown}


   Skills:
 + Level 3.8 Fighting
 + Level 3.3 Polearms
 + Level 2.2 Spellcasting
 - Level 2.6 Fire Magic


You had 5 spell levels left.
You knew the following spells:

 Your Spells              Type           Power      Damage    Failure   Level
a - Scorch                Fire           18%        2d5       11%         2

Your spell library contained the following spells:

 Spells                   Type           Power      Damage    Failure   Level


Dungeon Overview and Level Annotations

Branches:
Dungeon (2/15)

Altars:

Shops:
D:1 [


Innate Abilities, Weirdness & Mutations

You have sharp fingernails.
You are partially covered in rugged brown scales. (AC +1, +3% HP)


Message History

Flames lash the goblin.
You kill the goblin!
Robin roars a battlecry!
The hobgoblin goes into a battle-frenzy!
You hear a shout!
Things that are here:
a +0 club; a goblin corpse Robin says, "Feeling lonely?"
You start resting.
Robin is nearby!
Casting: Scorch (safe; 12% risk of failure)
Confirm with . or Enter, or press ? or * to list all spells.
Flames lash the hobgoblin.
You kill the hobgoblin!
You have reached level 4!
You feel clever.
Your demonic ancestry asserts itself...
Your fingernails lengthen.
Casting: Scorch (safe; 11% risk of failure)
Confirm with . or Enter, or press ? or * to list all spells.
Flames lash Robin.
Robin is heavily wounded.
Robin's fire resistance burns away.
Robin barely misses you.
Unknown command.
You barely miss Robin.
Robin is heavily wounded.
Robin hits you with a +0 falchion.
You hit Robin. You burn Robin.
Robin is heavily wounded.
Robin hits you with a +0 falchion!
You hit Robin. You burn Robin.
Robin is almost dead.
Robin closely misses you.
You closely miss Robin.
Robin is almost dead.
Robin is no longer more vulnerable to fire.
Robin closely misses you.
You hit Robin. You burn Robin.
You kill Robin!
Items here: ) [[ †.
Are you sure you want to abandon this character and quit the game? (Confirm with "yes".)

#.######### #.........#
#.#######.# #.####.##.#
######......##.#
.........##.##.#
.....g...)g....#
...g.....##.##########
.........##.##..@....#
..[......##.##.#####.#
.........##.##.#...# #
.........##.#....#.#.#
.........##......÷...#
.........####....#########
########## #.............#
##....#######.# ###### #.#


There were no monsters in sight!

Vanquished Creatures
  Robin (D:2)
  An adder (D:2)
  A dart slug (D:1)
  3 ball pythons
  A bat (D:1)
  3 endoplasms
  A giant cockroach (D:1)
  8 hobgoblins
  15 jackals
  4 kobolds (D:1)
  A quokka (D:1)
  4 goblins
  6 rats
49 creatures vanquished.

Notes
Turn   | Place    | Note
-------+----------+-------------------------------------------
     0 | D:1      | BubbleThief the Demonspawn Cinder Acolyte began the quest
                  | for the Orb.
     0 | D:1      | Reached XP level 1. HP: 18/18 MP: 2/2
    30 | D:1      | Found Bobosom's Antique Armour Emporium.
   139 | D:1      | Gained mutation: You are partially covered in rugged brown
                  | scales. (AC +1, +3% HP) [demonic ancestry]
   139 | D:1      | Reached XP level 2. HP: 12/24 MP: 4/4
   142 | D:1      | Learned a level 2 spell: Scorch
   730 | D:1      | Reached XP level 3. HP: 26/29 MP: 1/5
  1631 | D:2      | Noticed Robin
  1680 | D:2      | Gained mutation: You have sharp fingernails. [demonic
                  | ancestry]
  1680 | D:2      | Reached XP level 4. HP: 38/38 MP: 2/7
  1685 | D:2      | Killed Robin
  1687 | D:2      | Quit the game

Illustrated notes

Levels and vault maps discovered:
D:1:      dpeg_arrival_ternary, layout_loops_corners, serial_shops,
          nicolae_shop_scrapyard, kennysheep_flooded_box
D:2:      layout_basic, chequers_mini_garden, uniq_robin

Skill      XL: |  1  2  3 |
---------------+----------+-----
Polearms       | 3 |  3.3
Spellcasting   | 2 |  2.2
Fighting       | |  3.8
Fire Magic     | |  2.6

Action                     |  1- 3 |  4- 6 || total
---------------------------+-------+-------++-------
  Melee: Spear             |    79 |     5 ||    84
   Cast: Scorch            |    27 |     1 ||    28
   Stab: Sleeping          |     1 |       ||     1
 Armour: Robe              |    36 |     2 ||    38
  Dodge: Dodged            |    34 |     3 ||    37

Table legend: (Time is in decaauts)
 A = Elapsed time spent in this place.
 B = Non-inter-level travel time spent in this place.
 C = Inter-level travel time spent in this place.
 D = Time resting spent in this place.
 E = Time spent auto-exploring this place.
 F = Levels seen in this place.
 G = Mean time per level.
                   A        B        C        D        E       F      G
               +--------+--------+--------+--------+--------+-----+--------+
         Total |   1682 |   1634 |     48 |      3 |   1371 |   2 |  841.0 |
       Dungeon |   1682 |   1634 |     48 |      3 |   1371 |   2 |  841.0 |
               +--------+--------+--------+--------+--------+-----+--------+

Top non-repeatable levels by time:
     D:1: 1356 daAuts
     D:2: 326 daAuts
